Map: At Eternity's Edge LE

Players

leemonZito - Winner!

  • Race: Zerg Zerg
  • League: Grandmaster
  • Spawn Location: 5:00

RipNHammer

  • Race: Terran Terran
  • League: Master
  • Spawn Location: 11:00

VOD

Have the link to the VOD?

Description

Time

  • Played on: Sept. 7, 2026, 5:58 p.m.
  • Length: 25:47
Show
View Real Time Build Order
Export as new Build Order

leemonZito Zerg - Winner!

Build Orders: Pool First 

Get SALT Encoding   

  8  0:00  Drone  
  9  0:10  Drone  
  10  0:16  Drone  
  11  0:27  Overlord  
  11  0:32  Drone  
  12  0:45  Drone x2  
  14  0:51  Drone  
  15  1:04  Spawning Pool  
  15  1:06  Drone  
  15  1:11  Drone  
  16  1:31  Hatchery  
  15  1:35  Drone  
  15  1:39  Extractor  
  15  1:44  Drone  
  16  1:52  Zergling x2  
  17  1:55  Queen  
  19  2:04  Overlord  
  19  2:09  Drone  
  20  2:24  Drone x2  
  22  2:36  Queen  
  24  2:49  Hatchery  
  23  2:56  Metabolic Boost  
  23  2:59  Drone  
  23  3:04  Drone  
  25  3:07  Drone  
  25  3:08  Drone  
  27  3:18  Drone  
  27  3:19  Drone x2  
  30  3:26  Drone  
  31  3:27  Evolution Chamber  
  31  3:31  Overlord  
  30  3:38  Drone x2  
  32  3:47  Overlord  
  32  3:52  Drone x4  
  36  3:56  Zerg Ground Armor Level 1  
  36  4:02  Zergling x4  
  38  4:04  Drone x2  
  40  4:11  Evolution Chamber  
  40  4:15  Drone x3  
  42  4:25  Drone x3  
  45  4:35  Drone x7  
  52  4:39  Zerg Missile Weapons Level 1, Extractor x2  
  49  4:47  Zergling x6  
  49  4:49  Overlord  
  52  5:06  Roach Warren  
  51  5:07  Queen  
  51  5:14  Queen x2  
  53  5:19  Zergling x4  
  58  5:33  Spore Crawler  
  58  5:35  Spore Crawler  
  56  5:37  Drone  
  56  5:39  Drone x2  
  56  5:40  Drone  
  60  5:46  Lair, Overlord x3, Spore Crawler  
  59  5:51  Pneumatized Carapace  
  59  6:03  Overlord x3  
  59  6:07  Roach x5  
  69  6:21  Roach x3  
  69  6:22  Roach x3  
  81  6:28  Roach x2  
  81  6:29  Roach  
  87  6:43  Drone x4  
  87  6:44  Drone x5  
  96  6:51  Drone  
  96  6:52  Drone x3  
  100  6:59  Drone x4  
  100  7:00  Glial Reconstitution  
  104  7:04  Infestation Pit  
  104  7:06  Overseer  
  98  7:14  Drone x2  
  100  7:15  Extractor  
  100  7:16  Drone x5  
  100  7:19  Extractor x2  
  106  7:22  Roach  
  106  7:23  Roach  
  106  7:26  Zerg Missile Weapons Level 2  
  99  7:50  Drone  
  99  7:51  Drone x7  
  106  7:55  Drone  
  106  7:56  Hive, Overlord x2  
  106  7:58  Spire, Zerg Ground Armor Level 2  
  101  8:12  Roach x6  
  103  8:13  Roach  
  99  8:23  Roach  
  99  8:24  Roach x4  
  109  8:32  Zergling x12  
  109  8:33  Zergling x2  
  116  8:35  Zergling x8  
  116  8:39  Zergling x4  
  122  8:44  Hatchery, Overlord  
  121  8:48  Overlord  
  121  8:49  Overlord  
  121  8:52  Spore Crawler  
  120  8:56  Baneling Nest  
  120  9:02  Overseer  
  119  9:10  Hatchery  
  119  9:13  Overlord x3  
  90  9:27  Roach x6, Zergling x4  
  90  9:28  Roach x3  
  91  9:32  Zergling x2, Roach  
  91  9:33  Zergling x4, Roach x2  
  91  9:34  Roach  
  91  9:38  Roach  
  104  9:40  Zergling x2  
  105  9:46  Roach  
  89  10:07  Greater Spire, Drone x3  
  89  10:08  Zergling x4  
  89  10:09  Zergling x6, Roach x3  
  89  10:11  Queen x3  
  109  10:16  Zerg Ground Armor Level 3  
  109  10:21  Zergling x4  
  109  10:22  Zergling x10  
  109  10:24  Zergling x2, Roach  
  109  10:25  Ravager  
  109  10:26  Ravager x8  
  109  10:27  Ravager x2  
  130  10:31  Drone x5  
  130  10:34  Drone  
  136  10:39  Centrifugal Hooks  
  136  10:48  Drone x7  
  136  10:49  Drone x2  
  139  10:59  Zergling x2  
  139  11:00  Zergling x14  
  147  11:07  Extractor x2  
  147  11:10  Drone  
  147  11:11  Drone x2  
  148  11:12  Overlord x4  
  148  11:16  Spore Crawler  
  147  11:19  Spine Crawler  
  147  11:20  Corruptor  
  147  11:21  Overlord  
  147  11:22  Overlord x3  
  124  11:36  Zergling x10, Roach x5  
  124  11:37  Zergling x2, Roach, Adrenal Glands  
  130  11:46  Infestor x2  
  130  11:47  Infestor x2  
  132  11:50  Zerg Melee Weapons Level 1  
  132  11:52  Zergling x2  
  132  11:53  Zergling x2  
  140  11:56  Baneling x2  
  140  11:57  Baneling x7  
  140  12:07  Zergling x2  
  140  12:08  Zergling x10, Roach x6  
  142  12:25  Zergling x6, Roach x6  
  157  12:32  Zergling x4, Roach x4  
  157  12:34  Zergling x4, Roach x2  
  157  12:36  Roach  
  170  12:39  Baneling x8  
  170  12:40  Zergling x4  
  170  12:42  Zergling x2  
  174  12:44  Zergling x2  
  174  12:45  Zergling x2  
  174  12:49  Corruptor  
  177  12:54  Brood Lord  
  177  12:56  Zergling x8, Roach  
  144  13:16  Zergling x6  
  144  13:17  Zergling x4  
  144  13:18  Zergling x2  
  132  13:20  Zergling x16  
  132  13:21  Zergling x4  
  132  13:23  Zergling x2  
  132  13:26  Zergling x6  
  145  13:27  Zergling x4, Roach x2  
  145  13:30  Drone  
  145  13:32  Drone x2  
  145  13:33  Zergling x2, Roach  
  148  13:38  Roach  
  148  13:40  Queen x3  
  156  13:42  Zerg Flyer Weapons Level 1  
  156  13:44  Zerg Missile Weapons Level 3, Zergling x2  
  156  13:45  Roach x5  
  163  13:49  Zergling x2, Roach x3  
  163  13:50  Drone  
  163  13:55  Overlord x2  
  171  14:04  Zergling x2, Roach x2  
  171  14:05  Zergling x2  
  171  14:08  Zergling x2, Roach  
  171  14:09  Zergling x2  
  181  14:11  Hatchery  
  180  14:19  Roach x3, Zergling x2  
  180  14:20  Zergling x2, Roach x3  
  180  14:21  Baneling x2  
  180  14:22  Baneling x3  
  180  14:23  Baneling  
  194  14:27  Queen  
  196  14:33  Zergling x2, Roach  
  196  14:35  Baneling x2  
  196  14:36  Baneling x6  
  199  14:42  Zergling x2  
  199  14:43  Roach, Zergling x4  
  196  14:46  Zergling x2, Roach x2  
  194  14:56  Zergling x4, Roach x2  
  180  15:00  Corruptor x2  
  180  15:01  Corruptor x3  
  180  15:04  Drone x3  
  180  15:05  Drone  
  180  15:07  Drone x2  
  192  15:12  Drone x5  
  192  15:13  Drone  
  154  15:46  Zergling x2, Roach x2  
  154  15:47  Zergling x2, Roach x2  
  140  15:50  Zergling x2, Roach x2  
  140  15:54  Zergling x4, Roach x2  
  124  16:05  Corruptor  
  124  16:09  Zerg Flyer Weapons Level 2  
  124  16:12  Zergling x6, Roach x2  
  124  16:13  Roach  
  124  16:15  Brood Lord x2  
  124  16:16  Brood Lord x2  
  141  16:20  Extractor x2, Drone x2  
  141  16:21  Drone x3  
  141  16:22  Drone  
  141  16:23  Drone x3  
  141  16:25  Drone x4  
  152  16:27  Extractor  
  152  16:28  Extractor  
  152  16:31  Ravager x3  
  152  16:32  Ravager x5  
  158  16:33  Zergling x14  
  158  16:34  Zergling x8  
  158  16:36  Hatchery, Zergling x2  
  158  16:37  Zergling x2  
  158  16:38  Zergling x2  
  158  16:39  Zergling x14  
  178  16:40  Zergling x6  
  178  16:45  Zergling x8  
  185  16:51  Roach x3  
  185  16:52  Roach x3  
  197  16:56  Spine Crawler  
  197  16:58  Hydralisk Den  
  195  17:05  Zergling x2, Roach x2  
  200  17:21  Spine Crawler x2  
  198  17:23  Baneling x3  
  198  17:24  Baneling x4  
  198  17:25  Baneling x10  
  198  17:26  Zergling x4  
  196  17:40  Drone x7  
  187  17:49  Corruptor x2  
  191  17:53  Zergling x2, Roach  
  191  17:54  Roach  
  190  17:58  Zergling x2, Roach x2  
  154  18:08  Zergling x2  
  154  18:09  Roach x4, Zergling x2  
  154  18:11  Zergling x2, Roach x2  
  144  18:15  Zergling x8, Roach x5  
  144  18:16  Zergling x6, Roach x3  
  136  18:22  Zergling x2, Roach x2  
  131  18:29  Zergling x6, Roach x3  
  131  18:33  Drone x2  
  135  18:34  Drone  
  133  18:48  Drone x5  
  138  18:55  Drone x3  
  140  18:56  Drone  
  140  19:00  Ravager  
  140  19:01  Ravager x5  
  148  19:03  Drone  
  149  19:11  Baneling x11  
  149  19:12  Baneling  
  149  19:16  Drone x3  
  152  19:21  Drone x3  
  152  19:22  Drone  
  156  19:29  Zergling x4, Roach x2  
  164  19:31  Roach, Zergling x2  
  164  19:33  Roach  
  167  19:44  Zergling x4, Roach  
  166  19:51  Zergling x2, Roach x3  
  163  19:59  Infestor x2  
  157  20:00  Infestor x3  
  165  20:10  Drone x4  
  165  20:11  Drone x4  
  165  20:12  Drone x3  
  136  20:23  Corruptor x2  
  136  20:28  Drone x5  
  141  20:29  Drone  
  141  20:32  Drone x2  
  127  20:58  Grooved Spines  
  125  21:11  Overseer  
  125  21:14  Hydralisk x5  
  125  21:15  Hydralisk x3, Roach x10, Zergling x2  
  125  21:16  Roach x5  
  172  21:19  Zerg Melee Weapons Level 2  
  172  21:22  Zergling x2, Roach x2  
  172  21:23  Zergling x2  
  178  21:30  Spore Crawler  
  178  21:31  Spine Crawler  
  169  21:42  Zergling x4, Roach  
  169  21:43  Roach  
  175  21:49  Muscular Augments, Spore Crawler  
  175  21:50  Spine Crawler  
  175  21:51  Drone x5  
  175  21:52  Spine Crawler, Zergling x2  
  175  21:53  Spine Crawler x2, Roach x2  
  180  21:55  Drone  
  180  21:56  Drone x3  
  180  22:00  Drone x3  
  187  22:03  Ravager x3  
  187  22:04  Ravager x5  
  195  22:20  Baneling x4  
  195  22:22  Hatchery  
  144  22:49  Corruptor x7  
  158  22:55  Extractor  
  158  22:56  Extractor  
  158  22:57  Drone  
  157  22:59  Drone x3  
  158  23:10  Roach x2  
  128  23:29  Brood Lord x3  
  128  23:30  Brood Lord  
  128  23:32  Zergling x2  
  128  23:33  Zergling x26  
  128  23:34  Zergling x26  
  155  23:37  Zergling x2  
  156  23:44  Zergling x2, Roach x3  
  156  23:46  Zergling x4  
  159  23:49  Zergling x2  
  159  23:53  Zergling x4, Roach  
  154  23:58  Zergling x4, Roach  
  154  24:01  Zergling x2, Roach  
  161  24:05  Zergling x4, Roach  
  161  24:07  Roach  
  143  24:22  Zergling x4, Roach x3  
  146  24:32  Hydralisk x2, Extractor  
  146  24:33  Extractor, Drone x3  
  146  24:34  Drone x3  
  146  24:35  Drone x2  
  156  24:41  Baneling x2  
  156  24:42  Baneling x11  
  156  24:43  Zergling x2  
  157  24:49  Drone x3  
  157  24:50  Drone x3  
  163  25:01  Zergling x4, Roach x4, Hydralisk  
Show
View Real Time Build Order
Export as new Build Order

RipNHammer Terran 

Build Orders: Reaper Expand, Hellion Banshee, Mech 

Get SALT Encoding   

  8  0:00  SCV  
  9  0:12  SCV  
  10  0:24  SCV  
  11  0:37  SCV  
  11  0:39  Supply Depot  
  12  0:49  SCV  
  13  0:53  Refinery  
  13  1:01  SCV  
  14  1:05  Barracks  
  14  1:13  SCV  
  15  1:25  SCV  
  16  1:37  SCV  
  17  1:51  Orbital Command  
  17  1:52  Reaper  
  18  2:06  Supply Depot  
  18  2:15  Command Center  
  18  2:18  SCV  
  18  2:31  Factory  
  18  2:33  SCV  
  19  2:41  Barracks Reactor  
  19  2:45  Refinery  
  19  2:46  SCV  
  20  2:58  SCV  
  21  3:10  SCV  
  22  3:21  Starport  
  22  3:22  SCV  
  22  3:26  Hellion x2  
  27  3:30  Orbital Command  
  27  3:44  SCV  
  28  3:49  Orbital Command  
  28  3:50  Hellion x2  
  28  3:53  Barracks Tech Lab  
  32  4:09  SCV  
  33  4:19  SCV  
  34  4:25  SCV  
  35  4:31  SCV  
  35  4:33  Banshee, Cloaking Field  
  35  4:35  Hellion  
  35  4:37  SCV  
  42  4:40  Supply Depot  
  42  4:41  Hellion  
  44  4:48  SCV  
  45  4:55  Supply Depot  
  45  4:57  SCV  
  46  5:00  SCV  
  46  5:03  Command Center  
  46  5:06  Hellion x2  
  51  5:09  SCV  
  51  5:12  Supply Depot, SCV  
  53  5:18  Banshee  
  53  5:21  SCV  
  57  5:24  SCV  
  57  5:33  SCV  
  57  5:34  Refinery  
  58  5:36  SCV, Refinery  
  59  5:45  SCV  
  59  5:46  Factory  
  59  5:49  Factory  
  60  5:51  Hellion x2  
  64  6:00  SCV  
  65  6:07  SCV  
  65  6:10  Supply Depot  
  66  6:12  SCV  
  66  6:13  Factory  
  67  6:19  SCV  
  67  6:20  SCV  
  67  6:21  Factory  
  67  6:24  SCV  
  70  6:27  Hellion  
  72  6:36  Factory Tech Lab  
  72  6:49  Cyclone, Mag-Field Accelerator  
  72  6:53  Engineering Bay, SCV  
  76  6:58  Supply Depot  
  76  7:00  SCV  
  76  7:01  Factory Tech Lab, Hellion  
  79  7:05  SCV  
  80  7:10  Siege Tank  
  81  7:16  Factory Tech Lab  
  81  7:21  Cyclone  
  84  7:23  Siege Tank  
  87  7:36  Siege Tank  
  86  7:48  Supply Depot  
  86  7:49  Supply Depot x2, Siege Tank  
  86  8:10  SCV x2  
  81  8:20  Cyclone  
  81  8:21  Siege Tank, Hellion  
  81  8:24  SCV x2  
  89  8:36  SCV x2  
  89  8:40  Cyclone, Siege Tank, Hellion  
  99  8:42  Infernal Pre-Igniter  
  99  8:48  SCV x2  
  101  8:56  Hellion  
  101  9:00  Orbital Command  
  101  9:02  Refinery  
  103  9:04  SCV x2, Siege Tank, Cyclone, Supply Depot x2  
  103  9:07  Refinery  
  111  9:21  SCV x2  
  104  9:27  Cyclone, Siege Tank, Hellion  
  109  9:33  Hellion, SCV  
  109  9:36  Cyclone, Siege Tank, SCV x2  
  120  9:45  SCV  
  121  9:48  SCV  
  121  9:49  SCV, Hellion  
  125  9:57  SCV  
  125  9:59  Cyclone  
  110  10:00  Cyclone, Hellion, SCV  
  110  10:01  SCV  
  111  10:08  Cyclone, Siege Tank  
  111  10:10  Hellion  
  111  10:13  Supply Depot  
  119  10:17  SCV  
  120  10:21  Supply Depot  
  120  10:22  Hellion  
  122  10:31  Siege Tank  
  122  10:32  Hellion  
  122  10:35  Cyclone  
  130  10:38  SCV x2, Supply Depot  
  130  10:40  Siege Tank  
  135  10:43  Cyclone, SCV  
  135  10:46  Supply Depot  
  135  10:49  Armory  
  139  10:50  Supply Depot  
  139  10:56  Hellion  
  139  11:03  Cyclone  
  142  11:07  Siege Tank  
  145  11:11  Hellion  
  145  11:12  Cyclone  
  145  11:15  Siege Tank  
  145  11:16  Armory, SCV  
  154  11:22  Supply Depot  
  143  11:34  Hellion  
  143  11:35  Cyclone  
  143  11:36  SCV  
  143  11:37  SCV  
  143  11:39  Siege Tank  
  149  11:44  Hellion, Cyclone  
  149  11:46  SCV  
  155  11:47  Siege Tank  
  155  11:51  Command Center  
  158  11:59  Supply Depot, Engineering Bay  
  158  12:06  Terran Vehicle Weapons Level 1  
  158  12:07  Cyclone  
  161  12:11  Siege Tank  
  160  12:16  Cyclone  
  160  12:19  Siege Tank  
  160  12:22  Hellion  
  163  12:23  Hellion  
  157  12:39  Cyclone  
  157  12:43  Hellion, Siege Tank  
  165  12:45  Hellion  
  165  12:47  SCV  
  165  12:49  Cyclone  
  171  12:51  Cyclone  
  174  13:05  Hellion  
  163  13:12  Cyclone  
  152  13:13  Hellion  
  152  13:15  Cyclone  
  145  13:23  Refinery  
  145  13:24  Refinery  
  145  13:26  Hellion  
  150  13:37  Hellion  
  150  13:38  Terran Vehicle And Ship Armor Level 1  
  152  13:43  Factory  
  152  13:44  Siege Tank  
  156  13:49  Thor x2  
  156  13:50  Thor  
  165  14:05  Hellion  
  167  14:10  Hellion  
  167  14:13  Starport Reactor  
  167  14:16  Cyclone  
  172  14:32  Siege Tank, Cyclone  
  172  14:33  Siege Tank  
  172  14:34  Factory Tech Lab  
  181  14:41  Refinery  
  181  14:43  Orbital Command  
  181  14:45  Refinery  
  179  14:48  Thor  
  150  15:00  Cyclone  
  150  15:01  Hellion  
  150  15:04  Thor, Cyclone  
  150  15:05  Siege Tank, SCV  
  150  15:06  SCV  
  150  15:13  SCV  
  151  15:18  SCV x2  
  151  15:20  Hellion  
  151  15:21  Terran Vehicle Weapons Level 2  
  155  15:22  SCV  
  155  15:23  Hellion  
  155  15:25  SCV  
  159  15:30  SCV x2  
  159  15:31  Cyclone  
  159  15:33  Cyclone  
  148  15:36  Siege Tank  
  148  15:41  Cyclone  
  129  15:46  Hellion  
  129  15:47  Siege Tank  
  112  15:51  Hellion  
  110  15:57  Orbital Command  
  110  16:03  Cyclone  
  113  16:05  Cyclone  
  113  16:07  SCV x2, Hellion  
  113  16:08  SCV, Cyclone  
  124  16:12  Hellion  
  124  16:14  Hellion  
  128  16:19  SCV, Hellion  
  128  16:20  SCV  
  132  16:25  Refinery  
  132  16:28  SCV x2  
  132  16:29  Hellion  
  132  16:31  SCV  
  137  16:33  Hellion  
  137  16:35  Cyclone, Siege Tank  
  137  16:36  Terran Vehicle And Ship Armor Level 2  
  137  16:37  Hellion  
  137  16:38  Viking x2  
  137  16:39  SCV  
  152  16:40  Cyclone, Hellion  
  157  16:50  Hellion  
  159  16:55  Hellion  
  159  16:56  SCV  
  159  16:57  SCV  
  159  16:58  Missile Turret x2, Siege Tank  
  159  16:59  Refinery, Supply Depot  
  166  17:02  Thor, Supply Depot  
  170  17:11  Cyclone, Siege Tank  
  170  17:15  Viking x2  
  180  17:20  Hellion  
  182  17:25  Cyclone  
  182  17:26  Hellion  
  187  17:30  Siege Tank  
  190  17:43  Cyclone, Siege Tank  
  194  17:45  Cyclone  
  194  17:46  Widow Mine  
  199  17:58  Cyclone  
  152  18:09  Viking x2  
  99  18:16  Cyclone, Siege Tank  
  87  18:26  Marine  
  80  18:29  Cyclone  
  80  18:30  Orbital Command  
  77  18:39  Viking  
  76  18:42  Cyclone, Siege Tank  
  76  18:47  SCV  
  83  18:53  SCV  
  84  18:59  Refinery  
  84  19:00  Hellion x2  
  84  19:01  Hellion x3  
  94  19:03  Refinery  
  94  19:06  SCV  
  95  19:10  SCV x2  
  95  19:12  Orbital Command  
  95  19:14  Cyclone, Siege Tank  
  103  19:18  SCV  
  103  19:22  Hellion x2, Cyclone, Siege Tank  
  114  19:25  Cyclone, SCV  
  118  19:34  Hellion x4  
  118  19:43  Hellion x2  
  102  19:46  Siege Tank, Hellion  
  103  19:54  Cyclone, Siege Tank  
  103  19:57  Hellion  
  110  20:04  Hellion  
  110  20:05  Hellion  
  109  20:07  Cyclone  
  97  20:18  Cyclone, Hellion, Viking  
  91  20:26  Hellion x2  
  94  20:32  Hellion  
  94  20:33  Hellion  
  98  20:40  Hellion  
  100  20:45  Orbital Command  
  100  20:48  Cyclone  
  100  20:49  Hellion  
  99  20:52  Cyclone, Hellion  
  100  21:00  Hellion  
  100  21:02  Hellion x2  
  105  21:07  Orbital Command  
  105  21:10  Hellion  
  107  21:12  SCV x3  
  107  21:14  Hellion  
  112  21:20  Hellion  
  114  21:30  Cyclone  
  114  21:31  Hellion, SCV x2  
  121  21:48  Cyclone  
  121  21:49  Hellion  
  126  22:01  SCV x2  
  126  22:02  SCV x2  
  126  22:04  Refinery  
  130  22:12  Hellion x2  
  130  22:13  SCV  
  130  22:14  SCV x2  
  137  22:16  Refinery  
  129  22:33  Cyclone, Siege Tank, Hellion  
  132  22:43  Cyclone  
  132  22:44  Hellion  
  131  22:49  Refinery  
  131  22:54  Refinery  
  120  23:12  Cyclone  
  120  23:13  Hellion  
  120  23:17  Hellion  
  120  23:31  Cyclone, Hellion  
  117  23:54  Cyclone, Hellion  
  120  23:58  Hellion  
  120  24:02  Hellion x2  
  72  24:18  Cyclone, Hellion  
  72  24:23  Hellion  
  53  24:34  Viking  
  55  24:42  Cyclone  
  58  24:52  Hellion  
  60  24:53  Hellion  
  62  25:00  SCV x3  
  60  25:26  Hellion  
Tags
 
Add a new tag
Caveats
  • Supply blocks, unpowered buildings, or Contaminate may cause inaccurate times.
  • Supply counts are checked every 10 seconds.